[ AOE2 MATCH · #466732730 ]
1v1 RMLithuanians vs Bulgarians
[ REPLAY ANALYSIS · EXTRACTED FROM THE RECORDED GAME ]
Feudal
8:00
Castle
20:20
Imperial
—
| APM avg | 69.9 |
| APM peak | 108 |
| eAPM avg | 27.3 |
| Villagers / military | 102 / 100 |
Focus
⚔️ 39.1% · 🌾 60.9%
Knight ×65 · Archer ×22 · Scout Cavalry ×5 · Monk ×5 · Scorpion ×3
Feudal
9:23
Castle
20:37
Imperial
—
| APM avg | 54.3 |
| APM peak | 99 |
| eAPM avg | 27.4 |
| Villagers / military | 105 / 101 |
Focus
⚔️ 44.3% · 🌾 55.7%
Spearman ×53 · Skirmisher ×21 · Knight ×16 · Monk ×8 · Militia ×3
Match map
Initial resources + every placement click. Lines = walls · curves = elevation contours. ◆ gold · ⬟ stone · ● berries · ✦ relic · ◌ wall gap
Your base· ✓ Closed at 20:20 · 33t walls · no gate
Synt4x's base· ✓ Closed at 20:37 · 28t walls · no gate
Smoothed initial terrain · ◌ = detected wall gap · hover for details
Inputs per minute
— Le Soldat Rouge - - Synt4x
Build order — Le Soldat Rouge
First 150 of 337 actions detected
| 0:00 | Create | Villager (Male) |
| 0:01 | Create | Villager (Male) |
| 0:01 | Create | Villager (Male) |
| 0:02 | Build | House |
| 0:03 | Build | House |
| 0:06 | Create | Villager (Male) |
| 0:06 | Create | Villager (Male) |
| 0:07 | Create | Villager (Male) |
| 1:23 | Create | Villager (Male) |
| 1:48 | Build | Lumber Camp |
| 2:01 | Create | Villager (Male) |
| 2:01 | Create | Villager (Male) |
| 2:22 | Create | Villager (Male) |
| 2:22 | Create | Villager (Male) |
| 2:53 | Create | Villager (Male) |
| 3:08 | Create | Villager (Male) |
| 3:08 | Create | Villager (Male) |
| 4:01 | Build | House |
| 4:03 | Create | Villager (Male) |
| 4:03 | Create | Villager (Male) |
| 4:35 | Create | Villager (Male) |
| 4:35 | Create | Villager (Male) |
| 4:47 | Build | Mining Camp |
| 5:01 | Research | Loom |
| 5:50 | Research | Feudal Age |
| 5:50 | Research | Feudal Age |
| 6:44 | Build | House |
| 7:07 | Build | Barracks |
| 7:19 | Create | Villager (Male) |
| 8:00 | Age | Feudal Age |
| 8:01 | Build | Archery Range |
| 8:05 | Create | Villager (Male) |
| 8:12 | Research | Double-Bit Axe |
| 8:13 | Research | Double-Bit Axe |
| 8:26 | Build | House |
| 8:32 | Create | Villager (Male) |
| 8:42 | Create | Archer |
| 8:44 | Create | Archer |
| 8:44 | Create | Archer |
| 8:54 | Build | House |
| 9:16 | Create | Villager (Male) |
| 9:16 | Create | Villager (Male) |
| 9:18 | Build | Blacksmith |
| 9:34 | Create | Villager (Male) |
| 9:35 | Create | Archer |
| 9:39 | Build | Palisade Wall |
| 9:41 | Build | House |
| 9:45 | Create | Archer |
| 10:04 | Create | Villager (Male) |
| 10:05 | Create | Villager (Male) |
| 10:27 | Build | Mill |
| 10:33 | Create | Villager (Male) |
| 10:45 | Create | Archer |
| 10:59 | Create | Villager (Male) |
| 11:00 | Create | Villager (Male) |
| 11:03 | Create | Archer |
| 11:24 | Create | Villager (Male) |
| 11:30 | Build | Farm |
| 11:34 | Build | Farm |
| 11:35 | Build | Farm |
| 11:45 | Create | Archer |
| 11:52 | Create | Villager (Male) |
| 11:52 | Create | Villager (Male) |
| 11:55 | Build | Farm |
| 11:57 | Build | Farm |
| 12:02 | Create | Archer |
| 12:05 | Build | Palisade Wall |
| 12:15 | Create | Villager (Male) |
| 12:20 | Build | Farm |
| 12:36 | Create | Villager (Male) |
| 13:01 | Create | Villager (Male) |
| 13:04 | Create | Archer |
| 13:08 | Research | Fletching |
| 13:09 | Research | Fletching |
| 13:25 | Create | Villager (Male) |
| 13:35 | Build | Palisade Wall |
| 13:38 | Create | Villager (Male) |
| 13:38 | Create | Archer |
| 13:42 | Build | Farm |
| 13:42 | Build | Farm |
| 13:45 | Build | House |
| 13:46 | Build | Palisade Wall |
| 13:48 | Create | Villager (Male) |
| 13:52 | Build | Farm |
| 13:59 | Build | House |
| 14:04 | Build | House |
| 14:07 | Create | Archer |
| 14:20 | Build | Farm |
| 14:27 | Build | House |
| 14:30 | Build | Palisade Wall |
| 14:35 | Create | Archer |
| 14:50 | Build | Farm |
| 14:53 | Create | Villager (Male) |
| 14:55 | Build | Palisade Wall |
| 14:59 | Build | Palisade Wall |
| 15:00 | Build | Palisade Wall |
| 15:06 | Create | Villager (Male) |
| 15:11 | Build | Farm |
| 15:35 | Create | Villager (Male) |
| 15:40 | Create | Archer |
| 16:08 | Build | Palisade Wall |
| 16:13 | Build | Stable |
| 16:21 | Create | Archer |
| 16:21 | Create | Archer |
| 16:31 | Create | Villager (Male) |
| 16:37 | Build | Farm |
| 16:50 | Build | Palisade Wall |
| 16:56 | Create | Villager (Male) |
| 17:08 | Build | Farm |
| 17:15 | Build | House |
| 17:40 | Research | Castle Age |
| 17:40 | Research | Castle Age |
| 17:49 | Build | Farm |
| 17:53 | Build | House |
| 18:01 | Build | House |
| 18:06 | Create | Scout Cavalry |
| 18:06 | Create | Scout Cavalry |
| 18:15 | Create | Scout Cavalry |
| 18:22 | Build | House |
| 18:23 | Build | House |
| 18:26 | Create | Archer |
| 18:36 | Create | Scout Cavalry |
| 18:51 | Research | Horse Collar |
| 18:51 | Research | Gold Mining |
| 18:59 | Research | Gold Mining |
| 18:59 | Research | Gold Mining |
| 19:12 | Create | Scout Cavalry |
| 19:18 | Create | Archer |
| 19:22 | Build | House |
| 19:46 | Research | Scale Barding Armor |
| 19:53 | Build | Farm |
| 19:59 | Build | Farm |
| 20:20 | Age | Castle Age |
| 20:26 | Create | Knight |
| 20:28 | Create | Villager (Male) |
| 20:33 | Build | Farm |
| 20:38 | Research | Bodkin Arrow |
| 20:38 | Research | Bodkin Arrow |
| 20:57 | Create | Villager (Male) |
| 20:59 | Create | Archer |
| 20:59 | Create | Archer |
| 21:12 | Build | Farm |
| 21:13 | Build | Farm |
| 21:13 | Build | Farm |
| 21:14 | Build | Farm |
| 21:24 | Create | Villager (Male) |
| 21:38 | Research | Crossbowman (upgrade) |
| 21:39 | Research | Crossbowman (upgrade) |
| 21:55 | Create | Villager (Male) |
| 22:02 | Build | Farm |
Build order — Synt4x
First 150 of 347 actions detected
| 0:00 | Create | Villager (Male) |
| 0:01 | Create | Villager (Male) |
| 0:01 | Create | Villager (Male) |
| 0:02 | Build | House |
| 0:03 | Build | House |
| 0:19 | Create | Villager (Male) |
| 0:19 | Create | Villager (Male) |
| 1:26 | Create | Villager (Male) |
| 1:26 | Create | Villager (Male) |
| 1:59 | Build | Lumber Camp |
| 2:05 | Create | Villager (Male) |
| 2:18 | Create | Villager (Male) |
| 2:50 | Create | Villager (Male) |
| 3:13 | Create | Villager (Male) |
| 3:14 | Create | Villager (Male) |
| 3:39 | Research | Loom |
| 3:39 | Research | Loom |
| 3:43 | Create | Villager (Male) |
| 3:53 | Build | House |
| 3:54 | Build | House |
| 4:08 | Create | Villager (Male) |
| 4:08 | Create | Villager (Male) |
| 4:26 | Create | Villager (Male) |
| 4:46 | Create | Villager (Male) |
| 5:14 | Create | Villager (Male) |
| 5:32 | Build | Barracks |
| 5:53 | Create | Villager (Male) |
| 5:53 | Create | Villager (Male) |
| 6:04 | Research | Loom |
| 6:34 | Build | Mining Camp |
| 6:48 | Create | Villager (Male) |
| 7:11 | Research | Feudal Age |
| 7:30 | Create | Militia |
| 7:47 | Create | Militia |
| 8:10 | Create | Militia |
| 8:14 | Build | Mill |
| 8:39 | Build | House |
| 9:02 | Build | House |
| 9:04 | Build | Palisade Wall |
| 9:09 | Create | Villager (Male) |
| 9:23 | Age | Feudal Age |
| 9:24 | Create | Spearman |
| 9:30 | Create | Spearman |
| 9:39 | Create | Villager (Male) |
| 9:44 | Research | Double-Bit Axe |
| 10:09 | Build | Archery Range |
| 10:12 | Build | Palisade Wall |
| 10:14 | Create | Villager (Male) |
| 10:25 | Build | Palisade Wall |
| 10:33 | Create | Villager (Male) |
| 10:59 | Build | Farm |
| 11:00 | Build | Farm |
| 11:02 | Create | Villager (Male) |
| 11:11 | Create | Skirmisher |
| 11:21 | Build | House |
| 11:24 | Create | Villager (Male) |
| 11:27 | Build | Farm |
| 11:37 | Build | House |
| 11:38 | Create | Skirmisher |
| 11:47 | Create | Villager (Male) |
| 11:52 | Build | Farm |
| 12:06 | Build | Farm |
| 12:13 | Create | Skirmisher |
| 12:20 | Create | Villager (Male) |
| 12:29 | Build | Palisade Wall |
| 12:43 | Build | Farm |
| 12:45 | Build | Farm |
| 12:47 | Create | Villager (Male) |
| 12:54 | Build | Farm |
| 12:58 | Build | House |
| 13:05 | Create | Skirmisher |
| 13:10 | Create | Villager (Male) |
| 13:32 | Create | Villager (Male) |
| 13:37 | Build | Blacksmith |
| 13:52 | Build | Farm |
| 13:54 | Create | Villager (Male) |
| 14:06 | Build | Farm |
| 14:10 | Create | Villager (Male) |
| 14:14 | Create | Skirmisher |
| 14:23 | Research | Padded Archer Armor |
| 14:23 | Research | Fletching |
| 14:28 | Build | House |
| 14:38 | Build | House |
| 14:47 | Create | Villager (Male) |
| 14:49 | Create | Skirmisher |
| 14:50 | Build | Farm |
| 15:06 | Create | Skirmisher |
| 15:14 | Build | House |
| 15:24 | Create | Villager (Male) |
| 15:25 | Build | Farm |
| 15:35 | Build | Palisade Wall |
| 15:44 | Build | Palisade Wall |
| 15:49 | Create | Villager (Male) |
| 15:51 | Build | Farm |
| 15:51 | Build | Farm |
| 16:08 | Create | Villager (Male) |
| 16:10 | Build | Farm |
| 16:13 | Build | House |
| 16:24 | Build | Palisade Wall |
| 16:37 | Build | Farm |
| 16:38 | Create | Villager (Male) |
| 16:57 | Build | Lumber Camp |
| 17:02 | Build | Lumber Camp |
| 17:04 | Create | Villager (Male) |
| 17:22 | Build | House |
| 17:24 | Build | Palisade Wall |
| 17:30 | Create | Villager (Male) |
| 17:57 | Research | Castle Age |
| 18:14 | Create | Skirmisher |
| 18:20 | Research | Horse Collar |
| 18:47 | Build | Palisade Wall |
| 18:51 | Create | Skirmisher |
| 19:09 | Build | House |
| 19:17 | Build | Stable |
| 19:23 | Build | Farm |
| 19:30 | Build | House |
| 19:35 | Build | House |
| 19:37 | Build | Palisade Wall |
| 19:41 | Build | Farm |
| 19:42 | Build | Farm |
| 19:44 | Research | Scale Barding Armor |
| 19:49 | Create | Skirmisher |
| 20:01 | Build | Farm |
| 20:05 | Build | Farm |
| 20:06 | Build | Farm |
| 20:13 | Create | Skirmisher |
| 20:14 | Create | Skirmisher |
| 20:35 | Create | Spearman |
| 20:37 | Age | Castle Age |
| 20:49 | Research | Bodkin Arrow |
| 20:50 | Research | Bodkin Arrow |
| 20:51 | Create | Villager (Male) |
| 20:54 | Research | Elite Skirmisher (upgrade) |
| 21:11 | Create | Villager (Male) |
| 21:11 | Create | Villager (Male) |
| 21:32 | Create | Skirmisher |
| 21:37 | Build | Stable |
| 21:49 | Research | Bloodlines |
| 21:50 | Research | Chain Barding Armor |
| 21:51 | Create | Knight |
| 21:52 | Create | Knight |
| 21:55 | Create | Villager (Male) |
| 22:04 | Create | Skirmisher |
| 22:05 | Create | Skirmisher |
| 22:12 | Build | Farm |
| 22:21 | Build | House |
| 22:29 | Build | House |
| 22:39 | Create | Villager (Male) |
| 22:39 | Create | Villager (Male) |
| 22:40 | Create | Knight |
Match timeline
| 5:32 | Synt4x · first_building Barracks |
| 7:07 | Le Soldat Rouge · first_building Barracks |
| 8:00 | Le Soldat Rouge · age_up feudal |
| 8:01 | Le Soldat Rouge · first_building Archery Range |
| 9:04 | Synt4x · wall_segment Palisade Wall x2 |
| 9:23 | Synt4x · age_up feudal |
| 9:39 | Le Soldat Rouge · wall_segment Palisade Wall x1 |
| 10:09 | Synt4x · first_building Archery Range |
| 10:12 | Synt4x · wall_segment Palisade Wall x5 |
| 10:25 | Synt4x · wall_segment Palisade Wall x3 |
| 12:05 | Le Soldat Rouge · wall_segment Palisade Wall x3 |
| 12:29 | Synt4x · wall_segment Palisade Wall x2 |
| 13:35 | Le Soldat Rouge · wall_segment Palisade Wall x1 |
| 13:46 | Le Soldat Rouge · wall_segment Palisade Wall x1 |
| 14:30 | Le Soldat Rouge · wall_segment Palisade Wall x7 |
| 14:55 | Le Soldat Rouge · wall_segment Palisade Wall x1 |
| 14:59 | Le Soldat Rouge · wall_segment Palisade Wall x4 |
| 15:00 | Le Soldat Rouge · wall_segment Palisade Wall x1 |
| 15:35 | Synt4x · wall_segment Palisade Wall x1 |
| 15:44 | Synt4x · wall_segment Palisade Wall x1 |
| 16:08 | Le Soldat Rouge · wall_segment Palisade Wall x5 |
| 16:13 | Le Soldat Rouge · first_building Stable |
| 16:24 | Synt4x · wall_segment Palisade Wall x4 |
| 16:50 | Le Soldat Rouge · wall_segment Palisade Wall x10 |
| 17:24 | Synt4x · wall_segment Palisade Wall x9 |
| 18:47 | Synt4x · wall_segment Palisade Wall x1 |
| 19:17 | Synt4x · first_building Stable |
| 19:37 | Synt4x · wall_segment Palisade Wall x1 |
| 20:20 | Le Soldat Rouge · age_up castle |
| 20:37 | Synt4x · age_up castle |
| 23:07 | Le Soldat Rouge · first_building Monastery |
| 25:43 | Synt4x · first_building Monastery |
| 33:31 | Le Soldat Rouge · first_building Siege Workshop |
| 35:27 | Synt4x · wall_segment Stone Wall x1 |
| 35:52 | Synt4x · first_building Castle |
| 36:11 | Le Soldat Rouge · resign |
[ AI ANALYSIS · 1 CREDIT ]
What really happened in this match?
Wolo.gg analyzes every decision: build order, eco, micro, common mistakes by bracket. Personalized analysis on WhatsApp or Discord in 30 seconds.
Civ guide
Lithuanians
Map guide
Arabia
Perfil
Jugador #4982714